 Dungeon Crawl Stone Soup version 0.29-a0-392-g297d3b089c (webtiles) character file.

Game seed: 1603553908928694857

23 holysushi the Skirmisher (level 2, -1/33 HPs)
             Began as an Ogre Chaos Knight on May 8, 2022.
             Was a Plaything of Xom.
             Killed from afar by a fire crab (shapeshifter) (6 damage)
             ... with a blast of flame
             ... on level 1 of the Dungeon.
             The game lasted 00:00:31 (809 turns).

holysushi the Skirmisher (Ogre Chaos Knight)         Turns: 809, Time: 00:00:32

Health: -1/33      AC:  5    Str: 15    XL:     2   Next: 95%
Magic:  2/2        EV:  9    Int: 13    God:    Xom [..*...]
Gold:   20         SH:  0    Dex:  8    Spells: 1/1 levels left

rFire   . . .      SeeInvis .   a - +0 mace (chaos)
rCold   . . .      Faith    .   (no shield)
rNeg    . . .      Spirit   .   b - +2 robe
rPois   .          Reflect  .   (helmet restricted)
rElec   .          Harm     .   (no cloak)
rCorr   .          Rampage  .   (gloves unavailable)
Will    .....                   (boots unavailable)
Stlth   +.........              (no amulet)
HPRegen 0.11/turn               (no ring)
MPRegen 0.08/turn               (no ring)

@: no status effects
A: large, unfitting armour, tough skin 1
a: Renounce Religion


You were on level 1 of the Dungeon.
You worshipped Xom.
You were a toy of Xom.
You visited 1 branch of the dungeon, and saw 1 of its levels.

You collected 20 gold pieces.

Inventory:

Hand Weapons
 a - a +0 mace of chaos (weapon)
Armour
 b - a +2 robe (worn)
Scrolls
 e - a scroll of fog {unknown}
 f - a scroll of vulnerability {unknown}
 g - a scroll of identify {unknown}
Potions
 d - a potion of lignification {unknown}
 h - a potion of haste {unknown}
Miscellaneous
 c - a piece from Xom's chessboard (15/15) (quivered)


   Skills:
 + Level 4.4 Fighting
 * Level 3.4 Maces & Flails
 - Level 2.1 Dodging


You had one spell level left.
You didn't know any spells.
Your spell library contained the following spells:

 Spells                   Type           Power      Damage    Failure   Level
 Summon Lightning Spire   Summ/Air       0%         N/A       97%         4
 Storm Form               Tmut/Air       0%         N/A       100%        7
 Maxwell's Capacitive Co  Air            0%         ∞         100%        8


Dungeon Overview and Level Annotations

Branches:
Dungeon (1/15)

Altars:


Innate Abilities, Weirdness & Mutations

You are too large for most types of armour.
You have tough skin. (AC +1)


Message History

A hobgoblin is nearby!
You completely miss the hobgoblin. The hobgoblin hits you.
The hobgoblin closely misses you.
A hobgoblin is nearby!
A hobgoblin is nearby!
You hit the hobgoblin.
The hobgoblin is moderately wounded.
The hobgoblin hits you.
You closely miss the hobgoblin.
The hobgoblin is moderately wounded.
The hobgoblin hits you.
You completely miss the hobgoblin.
The hobgoblin is moderately wounded.
The hobgoblin barely misses you.
You hit the hobgoblin but do no damage.
The hobgoblin is moderately wounded.
The hobgoblin hits you.
You hit the hobgoblin but do no damage.
The hobgoblin changes into a shapeshifter!
Xom is highly amused!
The shapeshifter changes into something you cannot see!
Deactivating autopickup; reactivate with Ctrl-A.
You hit something. Something completely misses you.
No target in view!
You hit something.
A fire crab appears out of thin air!
Reactivating autopickup.
You hit the fire crab.
The fire crab is poisoned.
The fire crab is lightly wounded.
The fire crab breathes flames at you. The blast of flame engulfs you.
You're standing in a cloud of flame!
You barely miss the fire crab.
The fire crab is lightly wounded.
You are engulfed in blazing flames.
Ouch! That really hurt!
* * * LOW HITPOINT WARNING * * *
The fire crab breathes flames at you. The blast of flame engulfs you.
You die...
Xom chuckles heartily!

#.####..#....>.#....######
#.# #....#####.#.#### #.#
#....# #.#.# #.# #....#
#.#.# #.# #....# #.#.# #<#
#....#####.#.# #>#
#....#.....#,
#####.###....#°#####°###
.............#°°@t°°°°[#
#########..#.######°##.#
.......####..#
.#####.##....###### ##
#.##.#.......#
#.##.##.####.#
#.....#......#
############.# ###


You could see a fire crab (very poisoned).

Vanquished Creatures
  A dart slug (D:1)
  2 endoplasms (D:1)
  A goblin (D:1)
  2 hobgoblins (D:1)
  2 ball pythons (D:1)
  3 bats (D:1)
  3 frilled lizards (D:1)
  3 kobolds (D:1)
  5 rats (D:1)
22 creatures vanquished.

Notes
Turn   | Place    | Note
-------+----------+-------------------------------------------
     0 | D:1      | holysushi the Ogre Chaos Knight began the quest for the
                  | Orb.
     0 | D:1      | Reached XP level 1. HP: 24/24 MP: 1/1
    66 | D:1      | XOM: divination: magic mapping
   243 | D:1      | XOM: divination: detect creatures
   248 | D:1      | XOM: silly message
   307 | D:1      | Reached XP level 2. HP: 31/32 MP: 2/2
   805 | D:1      | Noticed a shapeshifter
   805 | D:1      | a hobgoblin changed into a shapeshifter
   805 | D:1      | a shapeshifter changed into something unseen
   807 | D:1      | Noticed a fire crab
   809 | D:1      | Killed from afar by a fire crab (shapeshifter)

Illustrated notes

Levels and vault maps discovered:
D:1:      dpeg_arrival_tiny_j, layout_basic, minmay_domino_4

Skill      XL: |  1 |
---------------+----+-----
Maces & Flails | 3 |  3.4
Fighting       | |  4.4
Dodging        | |  2.1

Action                   || total
-------------------------++-------
Melee: Mace              ||    78
       Punch             ||     1
Armor: Robe              ||    52
Dodge: Dodged            ||    31

Table legend: (Time is in decaauts)
 A = Elapsed time spent in this place.
 B = Non-inter-level travel time spent in this place.
 C = Inter-level travel time spent in this place.
 D = Time resting spent in this place.
 E = Time spent auto-exploring this place.
 F = Levels seen in this place.
 G = Mean time per level.
                   A        B        C        D        E       F      G
               +--------+--------+--------+--------+--------+-----+--------+
         Total |    828 |    828 |      0 |      0 |    644 |   1 |  828.0 |
       Dungeon |    828 |    828 |      0 |      0 |    644 |   1 |  828.0 |
               +--------+--------+--------+--------+--------+-----+--------+

Top non-repeatable levels by time:
     D:1: 828 daAuts
